 Dungeon Crawl Stone Soup version 0.26-a0-852-g6321bf7485 (webtiles) character file.

Game seed: 5679134363839849459

183583 bastard the Minotaur Blade (level 17, -9/158 HPs)
             Began as a Minotaur Berserker on Nov 21, 2020.
             Was the Champion of Trog.
             Splashed by a deep elf sorcerer's acid (12 damage)
             ... on level 3 of the Elven Halls.
             The game lasted 00:49:30 (32201 turns).

bastard the Minotaur Blade (Minotaur Berserker)    Turns: 32201, Time: 00:49:31

Health: -9/158     AC: 32    Str: 26    XL:     17   Next: 75%
Magic:  2/2        EV: 18    Int: 11    God:    Trog [******]
Gold:   1998       SH:  0    Dex: 19    Spells: 16/16 levels left

rFire    + + .     SeeInvis +   b - +5 demon blade (antimagic)
rCold    + + .     Faith    .   (no shield)
rNeg     . . .     Spirit   .   Q - +10 plate armour of Music {rF+}
rPois    .         Reflect  .   C - +2 hat {SInv}
rElec    +         Harm     .   u - +2 cloak {rC+}
rCorr    .         Rampage  .   P - +2 pair of gloves "Yleasuqa" {rElec Int+4}
MR       +++..                  G - +2 pair of boots {run}
Stlth    ..........             O - amulet of regeneration
HPRegen  1.76/turn              N - +4 ring of slaying
MPRegen  0.08/turn              s - ring "Lyix" {rF+ rC+ MP-9 Dex+5 Slay+3}

@: about to teleport, corroded, regenerating, quick
A: retaliatory headbutt, horns 2, clever 1, mutation resistance 1, strong 1
a: Berserk, Trog's Hand, Brothers in Arms, Renounce Religion


You were on level 3 of the Elven Halls.
You worshipped Trog.
Trog was exalted by your worship.
You visited 4 branches of the dungeon, and saw 26 of its levels.
You visited the Abyss 1 time.
You also visited: Gauntlet and Ice Cave.

You collected 4293 gold pieces.
You spent 2295 gold pieces at shops.

Inventory:

Hand Weapons
 a - a +7 triple sword of freezing
 b - a +5 antimagic demon blade (weapon)
Missiles
 m - 3 throwing nets (quivered)
Armour
 u - a +2 cloak of cold resistance (worn)
 C - a +2 hat of see invisible (worn)
 G - a +2 pair of boots of running (worn)
 P - the +2 pair of gloves "Yleasuqa" (worn) {rElec Int+4}
   (You found it in a Gauntlet)

   It affects your intelligence (+4).
   It insulates you from electricity.
 Q - the +10 plate armour of Music (worn) {rF+}
   (You took it off a minotaur in a Gauntlet)

   It protects you from fire.
Jewellery
 e - an uncursed ring of protection from fire
 h - an uncursed amulet of reflection
 s - the ring "Lyix" (right hand) {rF+ rC+ MP-9 Dex+5 Slay+3}
   (You found it in a Gauntlet)

   [ring of protection from cold]

   It affects your dexterity (+5).
   It affects your accuracy and damage with ranged weapons and melee attacks
   (+3).
   It protects you from fire.
   It protects you from cold.
   It affects your magic capacity (-9).
 y - an uncursed ring of protection from magic
 A - an uncursed ring of protection from cold
 H - a +4 ring of protection
 N - a +4 ring of slaying (left hand)
 O - an amulet of regeneration (around neck)
Wands
 f - a wand of acid (9)
 p - a wand of iceblast (47)
 D - a wand of random effects (48)
 E - a wand of paralysis (10)
 F - a wand of enslavement (11)
 I - a wand of digging (6)
 S - a wand of disintegration (8)
 T - a wand of polymorph (5)
Scrolls
 g - a scroll of torment
 r - a scroll of fear
 v - 4 scrolls of identify
 x - a scroll of enchant armour
 z - 10 scrolls of teleportation
 B - 3 scrolls of fog
 J - 2 scrolls of magic mapping
 K - 14 scrolls of remove curse
Potions
 d - 11 potions of curing
 i - 2 potions of magic
 j - 5 potions of haste
 k - 8 potions of flight
 l - 6 potions of might
 n - 3 potions of invisibility
 o - 5 potions of berserk rage
 q - 2 potions of resistance
 t - 3 potions of attraction
 w - 13 potions of mutation
 L - 3 potions of cancellation
 M - 3 potions of lignification
 R - 15 potions of ambrosia


   Skills:
 + Level 16.2 Fighting
 - Level 24.0 Long Blades
 + Level 16.1 Armour
 + Level 14.9 Dodging


You had 16 spell levels left.
You didn't know any spells.
Your spell library was empty.

Dungeon Overview and Level Annotations

Branches:
Dungeon (15/15)            Temple (0/1) D:4            Lair (6/6) D:11
  Swamp (0/4) Lair:3        Snake (0/4) Lair:2        Slime (0/5) Lair:6
    Orc (2/2) D:12            Elf (3/3) Orc:2        Vaults (0/5) D:14
 Depths (0/5) D:15          IceCv (visited)         Gauntlet (visited)

Altars:
Cheibriados
Elyvilon
Makhleb
Ru
Sif Muna
Trog
Vehumet
Wu Jian
The Shining One
Beogh
Jiyva

Shops:
D:7 ((   D:8 [   D:9 :   D:11 *   D:13 (   D:15 =*[   Orc:2 =*[}(   Elf:3 [

Portals:
Hell: Lair:6
Abyss: Lair:4

Annotations:
D:5 exclusion: downstairs
D:7 exclusion: downstairs
D:10 2 transporters, exclusion: downstairs, leviel's ghost, novice GrFi
Lair:1 exclusion: oklob plant
Lair:4 2 transporters
Lair:5 exclusion: oklob plant
Elf:2 5 runed translucent doors


Innate Abilities, Weirdness & Mutations

You reflexively headbutt those who attack you in melee.
You have a pair of horns on your head.
Your mind is acute. (Int +2)
You are somewhat resistant to further mutation.
Your muscles are strong. (Str +2)


Message History

The deep elf blademaster hits you but does no damage.
The small abomination misses you. You furiously retaliate!
You headbutt the small abomination!
You riposte.
You slice the small abomination!!
The small abomination is severely damaged.
A deep elf high priest comes into view. It is wielding a +0 scimitar.
The deep elf blademaster barely misses you.
You furiously retaliate!
You headbutt the deep elf blademaster.
The deep elf blademaster hits you but does no damage.
You feel better.
The deep elf blademaster hits you but does no damage. x2
The small abomination hits you but does no damage.
The deep elf high priest mumbles some strange prayers to its god against you.
Something smites you!
* * * LOW HITPOINT WARNING * * *
The deep elf sorcerer gestures at you while chanting.
The bolt of acid hits you!!
* * * LOW HITPOINT WARNING * * *
The acid corrodes you!
You are splashed with acid!
You die...

##.....##
###..(....###
#...(.......#
#...(.......#
#...[.......#
#....)).....#
#.....[.....#
#..[[)[x....#
###(.[.e@.###
##.!.ee##
###)###
...e...e.......
...........§.E☼
..........e....
#......e......#
###.........#.#
##.......## #


You could see a deep elf blademaster, a deep elf sorcerer (fast, empowered), 2
deep elf high priests and a small abomination.

Vanquished Creatures
  Jorgrun (Orc:2)
  2 deep elf blademasters (Elf:3)
  2 deep elf master archers (Elf:3)
  Gastronok (D:8)
  A frost giant (IceCv)
  A tengu reaver (D:13)
  Aizul (Elf:1)
  An orc warlord (Elf:1)
  5 deep elf sorcerers
  2 deep elf elementalists (Elf:3)
  An ironheart preserver (D:14)
  5 deep elf annihilators (Elf:3)
  2 deep elf demonologists (Elf:3)
  A minotaur (Gauntlet)
  A deep elf death mage (Elf:3)
  8 deep elf high priests
  5 boulder beetles
  11 hydras
  Erica (D:8)
  8 dancing weapons
  2 death knights (D:14)
  4 tengu warriors
  2 centaur warriors
  A queen ant (Lair:3)
  6 two-headed ogres
  A death yak (Lair:6)
  A hell hog (Gauntlet)
  Urug (Orc:2)
  A hell knight (D:13)
  An orc high priest (Elf:2)
  A sun demon (Lair:6)
  11 deep elf knights
  7 skeletal warriors
  A wizard (Lair:6)
  5 unseen horrors
  A bog body (Lair:3)
  18 deep elf archers
  2 phantasmal warriors (D:14)
  Pikel (D:8)
  14 orc knights
  50 deep elf magi
  6 ugly things
  A wolf spider (D:15)
  5 orc sorcerers
  A moth of wrath (shapeshifter) (Gauntlet)
  2 cyclopes
  2 manticores
  A salamander (Lair:4)
  A manticore (shapeshifter) (D:11)
  Maurice (D:10)
  3 black mambas
  An ice statue (IceCv)
  A torpor snail (Lair:6)
  Joseph (D:10)
  2 gargoyles
  15 cane toads
  4 orange demons (Lair:6)
  6 kobold demonologists
  A smoke demon (Lair:6)
  3 komodo dragons
  6 yaktaurs
  4 rime drakes (Lair:6)
  6 meliai
  2 red devils (Lair:6)
  A merfolk (D:15)
  18 polar bears
  5 trolls
  2 queen bees
  A meliai (shapeshifter) (Gauntlet)
  2 wind drakes (shapeshifter) (D:15)
  6 slime creatures
  Prince Ribbit (D:9)
  4 blink frogs (Lair:2)
  14 flying skulls (Gauntlet)
  2 air elementals
  6 wyverns
  A yak (shapeshifter) (D:14)
  A redback (shapeshifter) (Gauntlet)
  A vampire (D:13)
  48 yaks
  4 wraiths
  3 shadows
  6 basilisks
  4 water elementals
  7 fire elementals
  2 fire bats (Gauntlet)
  14 vampire mosquitoes
  A neqoxec (Abyss:3)
  6 wargs
  A naga (Lair:2)
  5 hell hounds
  19 soldier ants
  17 water moccasins
  2 acid dragons
  49 orc warriors
  6 ice beasts
  2 sky beasts
  2 black bears
  3 phantoms
  4 eyes of draining
  30 wolves
  5 ogres
  2 lemures (D:8)
  7 centaurs
  7 big kobolds
  7 earth elementals
  A gnoll sergeant (D:6)
  15 bullfrogs
  3 small abominations
  2 wyvern zombies
  A water moccasin zombie (D:8)
  3 scorpions
  47 killer bees
  23 wights
  19 electric eels
  4 howler monkeys
  2 jellies (D:6)
  2 lava snakes (Lair:6)
  A quasit (D:10)
  4 centaur zombies
  6 hounds
  2 bullfrog skeletons
  25 orc priests
  7 centaur skeletons
  19 orc wizards
  3 iguanas
  Natasha (D:2)
  32 worker ants
  12 hell rats
  A hound zombie (D:7)
  A howler monkey zombie (D:10)
  A worker ant zombie (D:8)
  16 adders
  10 gnolls
  A shadow imp (D:7)
  13 white imps
  An ufetubus (D:7)
  An adder zombie (D:9)
  3 worms (D:3)
  4 dart slugs
  5 leopard geckos
  88 orcs
  6 bats
  5 giant cockroaches
  5 goblins
  9 hobgoblins
  12 jackals
  23 kobolds
  5 quokkas
  8 ball pythons
  3 frilled lizards
  6 rats
  2 crawling corpses (Elf:3)
1057 creatures vanquished.

Vanquished Creatures (others)
  A deep elf elementalist (Elf:3)
  A deep elf high priest (Elf:3)
  A small abomination (Elf:3)
  A deep elf mage (Elf:3)
  2 fire vortices
  13 fungi
  31 plants
  8 withered plants (Gauntlet)
58 creatures vanquished.

Grand Total: 1115 creatures vanquished

Notes
Turn   | Place    | Note
-------+----------+-------------------------------------------
     0 | D:1      | bastard the Minotaur Berserker began the quest for the Orb.
     0 | D:1      | Reached XP level 1. HP: 19/19 MP: 0/0
    46 | D:1      | Reached skill level 4 in Long Blades
    67 | D:1      | Reached XP level 2. HP: 26/26 MP: 1/1
   196 | D:1      | Lost intelligence.
   237 | D:1      | Reached skill level 5 in Long Blades
   299 | D:1      | Reached XP level 3. HP: 23/31 MP: 2/2
   452 | D:1      | Reached ** piety under Trog
  1159 | D:2      | Found a glowing golden altar of the Shining One.
  1167 | D:2      | Reached skill level 6 in Long Blades
  1167 | D:2      | Reached XP level 4. HP: 39/39 MP: 3/3
  1368 | D:2      | Noticed Natasha
  1372 | D:2      | Killed Natasha
  1784 | D:3      | Reached XP level 5. HP: 45/45 MP: 4/4
  1820 | D:3      | Reached skill level 7 in Long Blades
  2095 | D:3      | Reached *** piety under Trog
  2438 | D:4      | Reached skill level 8 in Long Blades
  2919 | D:4      | Got a fine ring mail
  3069 | D:4      | Found a staircase to the Ecumenical Temple.
  3238 | D:5      | Entered Level 5 of the Dungeon
  3257 | D:5      | Reached XP level 6. HP: 40/51 MP: 5/5
  3579 | D:5      | Found an ornate altar of the Wu Jian Council.
  3641 | D:5      | Identified the +0 ring mail "Empatt" {Int+6} (You found it
                  | on level 4 of the Dungeon)
  3923 | D:6      | Reached skill level 9 in Long Blades
  4168 | D:6      | Reached XP level 7. HP: 26/57 MP: 6/6
  4354 | D:6      | Reached skill level 10 in Long Blades
  4581 | D:6      | Found a snail-covered altar of Cheibriados.
  4936 | D:6      | Reached skill level 11 in Long Blades
  4953 | D:6      | Found a bloodstained altar of Trog.
  4953 | D:6      | Found a sacrificial altar of Ru.
  5064 | D:7      | Found Mouhoza's Antique Weapon Emporium.
  5072 | D:7      | Bought a great sword for 175 gold pieces
  5111 | D:7      | Reached XP level 8. HP: 55/64 MP: 7/7
  5187 | D:7      | Found Soriv's Antique Weapon Emporium.
  5398 | D:7      | Noticed a troll
  5404 | D:7      | Killed a troll
  5405 | D:7      | Reached skill level 12 in Long Blades
  6057 | D:7      | Reached skill level 13 in Long Blades
  6848 | D:8      | Reached XP level 9. HP: 42/70 MP: 8/8
  7417 | D:8      | Reached skill level 14 in Long Blades
  7429 | D:8      | Found Rajupny's Armour Boutique.
  7474 | D:8      | Found a white marble altar of Elyvilon.
  7503 | D:8      | Reached **** piety under Trog
  7522 | D:8      | Noticed Erica
  7530 | D:8      | Killed Erica
  7531 | D:8      | Reached skill level 15 in Long Blades
  7585 | D:8      | Noticed Gastronok
  7598 | D:8      | Killed Gastronok
  7599 | D:8      | Reached skill level 16 in Long Blades
  7599 | D:8      | Reached XP level 10. HP: 30/77 MP: 9/9
  7979 | D:8      | Noticed a manticore
  7992 | D:8      | Killed a manticore
  7993 | D:8      | Reached skill level 17 in Long Blades
  8319 | D:8      | Noticed Pikel
  8338 | D:8      | Killed Pikel
 10263 | D:9      | Reached skill level 18 in Long Blades
 10512 | D:9      | Found Jadubin's Book Shop.
 11091 | D:9      | Noticed Prince Ribbit
 11098 | D:9      | Killed Prince Ribbit
 12123 | D:10     | Entered Level 10 of the Dungeon
 12127 | D:10     | Noticed a two-headed ogre
 12137 | D:10     | Killed a two-headed ogre
 12138 | D:10     | Reached XP level 11. HP: 20/82 MP: 10/10
 12138 | D:10     | Noticed a two-headed ogre
 12412 | D:10     | Killed a two-headed ogre
 12675 | D:10     | Reached skill level 19 in Long Blades
 12838 | D:10     | Noticed leviel's ghost (novice GrFi)
 12840 | D:10     | Noticed Maurice
 12854 | D:10     | Killed Maurice
 12878 | D:10     | Reached ***** piety under Trog
 12940 | D:10     | Noticed Joseph
 12955 | D:10     | Killed Joseph
 13355 | D:10     | Identified the +2 dire flail of the Freezing Shrike
                  | {protect, Dex+4}
 13355 | D:10     | Identified the +6 dire flail of Dithmenos's Vengeance
                  | {venom, rC+ rN+ Stlth+}
 13355 | D:10     | Noticed a two-headed ogre
 13358 | D:10     | Noticed a two-headed ogre
 13359 | D:10     | Found a transporter.
 13361 | D:10     | Noticed a two-headed ogre
 13363 | D:10     | Found a transporter.
 13524 | D:11     | Noticed an unseen horror
 13525 | D:11     | Found Nuwnaud's Assorted Antiques.
 13527 | D:11     | Noticed a boulder beetle
 14336 | D:11     | Noticed a purple ugly thing
 14548 | D:11     | Killed a purple ugly thing
 14668 | D:10     | Reached skill level 20 in Long Blades
 15372 | D:11     | Killed an unseen horror
 15390 | D:11     | Noticed an orb spider
 15493 | D:11     | Reached skill level 5 in Fighting
 15813 | D:11     | Bought a potion of haste for 160 gold pieces
 15813 | D:11     | Bought a potion of heal wounds for 80 gold pieces
 15813 | D:11     | Bought a scroll of remove curse for 48 gold pieces
 15813 | D:11     | Bought a ruby potion for 14 gold pieces
 15813 | D:11     | Bought a bubbling orange potion for 14 gold pieces
 15848 | D:11     | Killed a boulder beetle
 16066 | D:11     | Found a staircase to the Lair.
 16220 | D:11     | Reached skill level 5 in Armour
 16714 | D:12     | Found a gate leading to a gauntlet.
 16730 | D:12     | Reached XP level 12. HP: 92/96 MP: 11/11
 16745 | Gauntlet | Entered a Gauntlet
 16745 | Gauntlet | Found a transporter.
 16745 | Gauntlet | Found a transporter.
 16747 | Gauntlet | Noticed a catoblepas
 16759 | Gauntlet | Found a transporter.
 16776 | Gauntlet | Found a transporter.
 16777 | Gauntlet | Found a transporter.
 16779 | Gauntlet | Found a transporter.
 16779 | Gauntlet | Found a transporter.
 16780 | Gauntlet | Found a transporter.
 16782 | Gauntlet | Noticed a death scarab
 16790 | Gauntlet | Found a transporter.
 16790 | Gauntlet | Noticed a death scarab
 16805 | Gauntlet | Noticed a hell hog
 16806 | Gauntlet | Found a transporter.
 16815 | Gauntlet | Noticed a reaper
 16816 | Gauntlet | Found a transporter.
 16830 | Gauntlet | Found a transporter.
 16850 | Gauntlet | Found a transporter.
 16851 | Gauntlet | Found a runed translucent door.
 16852 | Gauntlet | Found a runed translucent gate.
 16852 | Gauntlet | Found a runed translucent gate.
 16852 | Gauntlet | Found a runed translucent gate.
 16861 | Gauntlet | Found a transporter.
 17092 | Gauntlet | Reached skill level 5 in Dodging
 17610 | Gauntlet | Got a pair of pitted gloves
 17621 | Gauntlet | Identified the +2 pair of gloves "Yleasuqa" {rElec Int+4}
                  | (You found it in a Gauntlet)
 17681 | Gauntlet | Killed a hell hog
 17686 | Gauntlet | Got a heavily runed tin ring
 17690 | Gauntlet | Identified the ring "Lyix" {rF+ rC+ MP-9 Dex+5 Slay+3} (You
                  | found it in a Gauntlet)
 17746 | Gauntlet | Identified the cursed +0 war axe of Cocytus {drain, +Rage
                  | rPois Stlth+}
 17746 | Gauntlet | Identified the +10 plate armour of Music {rF+}
 17746 | Gauntlet | Noticed a minotaur
 17759 | Gauntlet | Killed a minotaur
 17881 | D:12     | Received a gift from Trog
 17907 | D:12     | Noticed a two-headed ogre
 17918 | D:12     | Killed a two-headed ogre
 17978 | D:12     | Noticed a boulder beetle
 17983 | D:12     | Found a staircase to the Orcish Mines.
 17990 | D:12     | Killed a boulder beetle
 18145 | D:12     | Identified a scroll of acquirement
 18145 | D:12     | Acquired a +2 vorpal triple sword
 18295 | Lair:1   | Entered Level 1 of the Lair of Beasts
 18389 | Lair:1   | Noticed an eight-headed hydra
 18399 | Lair:1   | Killed a five-headed hydra
 18739 | Lair:1   | Reached XP level 13. HP: 111/111 MP: 3/12
 19002 | Lair:2   | Found a staircase to the Snake Pit.
 19320 | Lair:3   | Reached skill level 10 in Fighting
 19438 | Lair:3   | Received a gift from Trog
 19475 | Lair:3   | Reached skill level 10 in Armour
 19501 | Lair:3   | Reached ****** piety under Trog
 19663 | Lair:3   | Found a staircase to the Swamp.
 20142 | Lair:4   | Found a transporter.
 20148 | Lair:4   | Found a transporter.
 20162 | Lair:4   | Found a one-way gate to the infinite horrors of the Abyss.
 20842 | Lair:5   | Found a frozen archway.
 20876 | IceCv    | Entered an ice cave
 20917 | IceCv    | Received a gift from Trog
 21137 | IceCv    | Reached skill level 10 in Dodging
 21172 | IceCv    | Noticed a frost giant
 21192 | IceCv    | Killed a frost giant
 21193 | IceCv    | Reached XP level 14. HP: 110/124 MP: 4/13
 22055 | Lair:5   | Received a gift from Trog
 22236 | Lair:5   | Reached skill level 21 in Long Blades
 22260 | Lair:6   | Entered Level 6 of the Lair of Beasts
 22523 | Lair:6   | Found a viscous altar of Jiyva.
 22524 | Lair:6   | Found a staircase to the Slime Pits.
 22999 | Lair:6   | Found a burning altar of Makhleb.
 23100 | Lair:6   | Found a gateway to Hell.
 23736 | Orc:1    | Entered Level 1 of the Orcish Mines
 23854 | Orc:1    | Received a gift from Trog
 24179 | Orc:2    | Entered Level 2 of the Orcish Mines
 24248 | Orc:2    | Found a staircase to the Elven Halls.
 24320 | Orc:2    | Found a roughly hewn altar of Beogh.
 24425 | Orc:2    | Noticed Jorgrun
 24435 | Orc:2    | Killed Jorgrun
 24468 | Orc:2    | Found Hebluhan's Jewellery Boutique.
 24556 | Orc:2    | Reached XP level 15. HP: 134/134 MP: 5/14
 24641 | Orc:2    | Noticed Urug
 24649 | Orc:2    | Killed Urug
 24751 | Orc:2    | Found Yselesk's Antique Weapon Boutique.
 24754 | Orc:2    | Received a gift from Trog
 24782 | Orc:2    | Found Ganisk's Gadget Shoppe.
 24925 | Orc:2    | Found Weana's Armour Boutique.
 24925 | Orc:2    | Found Yczeofy's General Store.
 25569 | D:13     | Found Liojiemn's Antique Weapon Shop.
 25631 | D:13     | Received a gift from Trog
 25925 | D:13     | Noticed a tengu reaver
 25936 | D:13     | Killed a tengu reaver
 26358 | D:14     | Received a gift from Trog
 26438 | D:14     | Reached skill level 22 in Long Blades
 26689 | D:14     | Found a gate to the Vaults.
 27033 | D:14     | HP: 5/138 [??? (3)]
 27413 | D:15     | Entered Level 15 of the Dungeon
 27413 | D:15     | Found an ornate altar of the Wu Jian Council.
 27413 | D:15     | Found Ocenu Coa's Assorted Antiques.
 27430 | D:15     | Bought a scroll of acquirement for 1300 gold pieces
 27430 | D:15     | Acquired 995 gold pieces
 27480 | D:15     | Found Viannurr's Armour Emporium.
 27484 | D:15     | Bought a +0 pair of boots of running for 504 gold pieces
 27593 | D:15     | Reached XP level 16. HP: 139/146 MP: 6/15
 27701 | D:15     | Found a staircase to the Depths.
 27864 | D:15     | Received a gift from Trog
 28103 | D:15     | Found Gozxups's Jewellery Shoppe.
 28285 | Elf:1    | Entered Level 1 of the Elven Halls
 28301 | Elf:1    | Found a radiant altar of Vehumet.
 28331 | Elf:1    | Noticed Aizul
 28354 | Elf:1    | Killed Aizul
 28529 | Elf:1    | Received a gift from Trog
 28882 | Elf:1    | Reached skill level 23 in Long Blades
 29777 | Elf:1    | Reached skill level 15 in Fighting
 30010 | Elf:2    | Received a gift from Trog
 30193 | Elf:2    | Reached skill level 15 in Armour
 30516 | Elf:2    | Reached XP level 17. HP: 156/156 MP: 2/16
 30522 | Elf:2    | Found a huge runed translucent gate.
 30522 | Elf:2    | Found a huge runed translucent gate.
 30522 | Elf:2    | Found a huge runed translucent gate.
 30523 | Elf:2    | Found a huge runed translucent gate.
 30525 | Elf:2    | Found a huge runed translucent gate.
 30720 | Elf:3    | Entered Level 3 of the Elven Halls
 30723 | Elf:3    | Found a shimmering blue altar of Sif Muna.
 30867 | Elf:3    | Noticed a Brimstone Fiend
 30872 | Elf:3    | Noticed a deep elf blademaster
 30886 | Elf:3    | Noticed a Tzitzimitl
 30889 | Elf:3    | Killed a deep elf blademaster
 30898 | Elf:3    | Gained mutation: Scrolls take you a little longer to read.
                  | [a cacodemon]
 31041 | Elf:2    | Lost mutation: Scrolls take you a little longer to read.
                  | [potion of mutation]
 31041 | Elf:2    | Gained mutation: You are somewhat resistant to further
                  | mutation. [potion of mutation]
 31041 | Elf:2    | Gained mutation: Your mind is acute. (Int +2) [potion of
                  | mutation]
 31041 | Elf:2    | Gained mutation: Your muscles are strong. (Str +2) [potion
                  | of mutation]
 31313 | Elf:3    | Noticed a deep elf master archer
 31330 | Elf:3    | Killed a deep elf master archer
 31631 | Elf:3    | Cast into level 2 of the Abyss (a deep elf sorcerer)
 31711 | Elf:3    | Escaped the Abyss
 31755 | Elf:3    | Noticed a deep elf blademaster
 31764 | Elf:3    | Reached skill level 24 in Long Blades
 31769 | Elf:3    | Killed a deep elf blademaster
 31772 | Elf:3    | Noticed a deep elf master archer
 31789 | Elf:3    | HP: 3/158 [deep elf annihilator/iron shot (45)]
 31794 | Elf:3    | Killed a deep elf master archer
 32035 | Elf:3    | Found Ypitsiw's Antique Armour Emporium.
 32181 | Elf:3    | Noticed a deep elf blademaster
 32201 | Elf:3    | HP: 3/158 [deep elf sorcerer/bolt of acid (32)]
 32201 | Elf:3    | Splashed by a deep elf sorcerer's acid

Illustrated notes

Levels and vault maps discovered:
D:1:      dpeg_arrival_castle, layout_basic, columned_hall_lemuel,
          wad_floor_pattern_untrapped
D:2:      layout_basic, tso_altar, uniq_natasha
D:3:      layout_loops_ring, minmay_shallow_snake_nest
D:4:      layout_loops_ring, minmay_temple_entry_enclosed_plants
D:5:      layout_rooms, kennysheep_mini
D:6:      layout_basic, gammafunk_temple_overflow_wave, general_overflow_altar
D:7:      layout_basic, serial_shops, shop, shop
D:8:      kennysheep_big_flooded_room, layout_basic, serial_shops, shop_statue,
          elyvilon_altar_4, uniq_gastronok, uniq_pikel, uniq_erica
D:9:      lemuel_ice_spiral_2, layout_basic, serial_shops, shop,
          uniq_prince_ribbit1
D:10:     layout_cave_pools, gammafunk_ghost_smash,
          hangedman_decor_clover_reticule, uniq_maurice, uniq_joseph
D:11:     layout_basic, erik_lair_orcish_takeover, serial_shops,
          nicolae_shop_overgrown_old_shop, minivault_24
D:12:     layout_roguey, erik_orc_4, gauntlet_entry_generic
D:13:     regret_index_wax_grids, layout_cave_pools, serial_shops,
          kennysheep_little_box
D:14:     layout_basic, skrybe_vaults_entry_preservation
D:15:     hangedman_depths_entry_try_elsewhere_first, layout_long_grid,
          serial_shops, nicolae_shop_overgrown_old_shop, nicolae_shop_trees,
          shop, basic_altar
Lair:1:   layout_hall_layers, st_stairs_9, grunt_forest_small_clearing_treed
Lair:2:   layout_hall_layers, guppyfry_snake_entry_garden, lemuel_fruit_tree
Lair:3:   layout_concentric_octagons, skrybe_swamp_entry_bodies, minivault_24,
          zaba_anthell
Lair:4:   layout_gridlike, gammafunk_ghost_abyssal_escape, lemuel_old_faithful
Lair:5:   layout_small_grid, portal_ice_cave_entry_imps, st_stairs_11,
          minmay_lair_oklob_chamber, infiniplex_staircase_pool
Lair:6:   evil_forest, layout_gridlike, dpeg_slime_entry_enclosed_altar,
          special_room [special_room_bee], minivault_27,
          chequers_serial_rivers_micro_a, minivault_27
Orc:1:    layout_caves
Orc:2:    st_orc_town, layout_caves, serial_shops, shop, uniq_jorgrun, uniq_urug
Elf:1:    eino_elf_arrival_altar, layout_loops_corners, hangedman_elf_represent,
          uniq_aizul
Elf:2:    layout_loops_cross, special_room [special_room_orc], minivault_26
Elf:3:    minmay_elf_hall_hex, layout_geoelf_diagonals, basic_altar,
          serial_shops, shop

Skill      XL: |  1  2  3  4  5  6  7  8  9 10 11 12 13 14 15 16 17 |
---------------+----------------------------------------------------+-----
Long Blades    | 4 5 6 8 9 11 13 16 18 20 21 22 23 24 | 24.0
Fighting       | 6 9 11 12 14 15 16 | 16.2
Armour         | 5 8 11 12 14 15 16 | 16.1
Dodging        | 4 8 10 11 13 14 | 14.9

Action                   |  1- 3 |  4- 6 |  7- 9 | 10-12 | 13-15 | 16-18 || total
-------------------------+-------+-------+-------+-------+-------+-------++-------
Melee: Falchion          |    68 |   145 |    40 |       |       |       ||   253
       Headbutt          |    10 |    28 |    39 |   163 |   231 |   218 ||   689
       Great sword       |       |       |    90 |   597 |    18 |       ||   705
       Triple sword      |       |       |       |    43 |   859 |    79 ||   981
       Demon blade       |       |       |       |       |       |   574 ||   574
Throw: Throwing net      |       |       |     1 |       |       |       ||     1
Invok: Trog's Hand       |       |       |     3 |     4 |     5 |    11 ||    23
       Berserk           |       |       |     1 |     4 |     1 |     1 ||     7
       Brothers in Arms  |       |       |       |       |       |     2 ||     2
Evoke: Wand              |       |       |       |       |       |     1 ||     1
  Use: Scroll            |     7 |    10 |     6 |    15 |    15 |     6 ||    59
       Potion            |       |       |       |       |     1 |    20 ||    21
 Stab: Distracted        |       |       |       |       |     1 |     1 ||     2
Armor: Animal skin       |     8 |       |       |       |       |       ||     8
       Scale mail        |    14 |    63 |    52 |   211 |       |       ||   340
       Plate armour      |       |       |       |    73 |   579 |   343 ||   995
Dodge: Dodged            |    63 |    85 |    97 |   285 |   672 |   394 ||  1596
       Rpst.: Falchion   |    16 |    23 |     6 |       |       |       ||    45
       Great sword       |       |       |    20 |    52 |     1 |       ||    73
       Triple sword      |       |       |       |     8 |   145 |    14 ||   167
       Demon blade       |       |       |       |       |       |    76 ||    76

Table legend: (Time is in decaauts)
 A = Elapsed time spent in this place.
 B = Non-inter-level travel time spent in this place.
 C = Inter-level travel time spent in this place.
 D = Time resting spent in this place.
 E = Time spent auto-exploring this place.
 F = Levels seen in this place.
 G = Mean time per level.
                   A        B        C        D        E       F      G
               +--------+--------+--------+--------+--------+-----+--------+
         Total |  31571 |  30347 |   1224 |      0 |  24762 |  30 | 1052.4 |
       Dungeon |  20155 |  19375 |    780 |      0 |  16636 |  15 | 1343.7 |
          Lair |   4791 |   4544 |    247 |      0 |   3648 |   6 |  798.5 |
  Orcish Mines |   1509 |   1416 |     93 |      0 |   1057 |   2 |  754.5 |
   Elven Halls |   3406 |   3303 |    103 |      0 |   2413 |   3 | 1135.3 |
         Abyss |     70 |     70 |      0 |      0 |     24 |   2 |   35.0 |
      Ice Cave |    556 |    556 |      0 |      0 |    363 |   1 |  556.0 |
      Gauntlet |   1080 |   1080 |      0 |      0 |    619 |   1 | 1080.0 |
               +--------+--------+--------+--------+--------+-----+--------+

Top non-repeatable levels by time:
     D:8: 2801 daAuts
     D:9: 2416 daAuts
    D:10: 2326 daAuts
     D:7: 2326 daAuts
    D:11: 1654 daAuts
   Elf:1: 1487 daAuts
  Lair:6: 1318 daAuts
    D:13: 1218 daAuts
     D:6: 1119 daAuts
Gauntlet: 1080 daAuts
   Orc:2: 1023 daAuts
     D:1: 1014 daAuts
   Elf:3: 971 daAuts
   Elf:2: 947 daAuts
    D:14: 944 daAuts
